 Dungeon Crawl Stone Soup version 0.21-a0-361-g4efd3f9 (webtiles) character file.

85 Dfrag the Firebug (level 4, -7/30 HPs)
             Began as a Demonspawn Fire Elementalist on Oct 14, 2017.
             Killed from afar by Natasha (8 damage)
             ... with a magic dart
             ... on level 2 of the Dungeon.
             The game lasted 00:02:21 (1219 turns).

Dfrag the Firebug (Demonspawn Fire Elementalist)    Turns: 1219, Time: 00:02:21

Health: -7/30      AC:  3    Str:  8    XL:     4   Next: 25%
Magic:  0/8        EV: 12    Int: 18    God:
Gold:   86         SH:  0    Dex: 15    Spells: 8/9 levels left

rFire    + . .     SeeInvis .   (no weapon)
rCold    + . .     Gourm    .   (no shield)
rNeg     . . .     Faith    .   a - +0 robe
rPois    .         Spirit   .   (helmet restricted)
rElec    .         Reflect  .   g - scarf {rC+ rF+}
rCorr    .         Harm     .   n - +0 pair of gloves
MR       .....                  (no boots)
Stlth    ++........             (no amulet)
HPRegen  0.10/turn              (no ring)
MPRegen  0.11/turn              (no ring)

@: slowed, very slow
A: antennae 1, thin skeletal structure 1, powered by death 1
a: no special abilities


You were on level 2 of the Dungeon.
You were not hungry.

You visited 1 branch of the dungeon, and saw 3 of its levels.

You collected 86 gold pieces.

Inventory:

Armour
 a - a +0 robe (worn)
 g - a scarf of resistance (worn)
 n - a +0 pair of gloves (worn)
Scrolls
 e - a scroll of remove curse {unknown}
 h - a scroll of identify {unknown}
Potions
 i - 2 potions of agility {unknown}
 j - a potion of experience {unknown}
 l - a potion of resistance {unknown}
 m - a potion of curing {unknown}
Books
 b - a book of Flames

   Spells                             Type                      Level
   a - Flame Tongue                   Conjuration/Fire             1
   b - Throw Flame                    Conjuration/Fire             2
   c - Conjure Flame                  Conjuration/Fire             3
   d - Inner Flame                    Hexes/Fire                   3
   e - Sticky Flame                   Conjuration/Fire             4
   f - Fireball                       Conjuration/Fire             5
Comestibles
 c - a bread ration
 d - 4 fruits
 f - 2 royal jellies
 k - 7 chunks of flesh
 o - a meat ration


   Skills:
 - Level 1.7 Dodging
 - Level 1.7 Stealth
 + Level 3.0 Spellcasting
 + Level 2.4 Conjurations
 + Level 3.4 Fire Magic


You had 8 spell levels left.
You knew the following spells:

 Your Spells              Type           Power        Failure   Level  Hunger
a - Flame Tongue          Conj/Fire      ##...        4%          1    None


Dungeon Overview and Level Annotations

Branches:
Dungeon (3/15)

Altars:

Annotations:
D:2 Natasha


Innate Abilities, Weirdness & Mutations

You have a pair of small antennae on your head.
You have a somewhat thin skeletal structure. (Dex +2, Stealth)
You regenerate a little health from kills.


Message History

* * * LOW HITPOINT WARNING * * *
You closely miss Natasha.
Natasha is severely wounded.
Natasha stares at you and mumbles some strange words.
You feel yourself slow down. Natasha claws you but does no damage.
The crimson imp disappears in a puff of smoke!
Natasha casts a spell at you. The magic dart hits you!
* * * LOW HITPOINT WARNING * * *
Casting: Flame Tongue
Confirm with . or Enter, or press ? or * to list all spells.
Aiming: Flame Tongue
Press: ? - help, Shift-Dir - straight line, f/p - Natasha
Aim: Natasha (severely wounded)
The flame tongue hits Natasha.
Natasha is almost dead.
Natasha casts a spell at you. The magic dart hits you!
You die...

##.#..............##...####
#.#.#.....####......#....#
#.#.####..## #....######..
#.#...###..###..#....# [
#.###.............##.#
####ยง####.###.. # ##.# #.#
#... #.h####.# .... #
#..@....# ..... ##.##
#.#...### .....
......#.#.#.#
......#...#...
.........####...
......#.....###?.
.............# .
.>.............
..............#


You could see Natasha.

Vanquished Creatures
  Natasha (D:2)
  3 adders
  An orc (D:3)
  2 giant cockroaches (D:2)
  5 goblins
  6 hobgoblins
  2 kobolds (D:1)
  A quokka (D:2)
  2 ball pythons
  5 bats
  2 frilled lizards (D:1)
  5 rats
35 creatures vanquished.

Notes
Turn   | Place    | Note
-------+----------+-------------------------------------------
     0 | D:1      | Dfrag the Demonspawn Fire Elementalist began the quest for the Orb.
     0 | D:1      | Reached XP level 1. HP: 13/13 MP: 3/3
   232 | D:1      | Gained mutation: You regenerate a little health from kills. [demonic ancestry]
   232 | D:1      | Reached XP level 2. HP: 19/19 MP: 3/5
   670 | D:2      | Noticed Natasha
   797 | D:3      | Gained mutation: You have a pair of small antennae on your head. [demonic ancestry]
   797 | D:3      | Reached XP level 3. HP: 23/24 MP: 0/6
   881 | D:2      | Killed Natasha
  1001 | D:2      | Gained mutation: You have a somewhat thin skeletal structure. (Dex +2, Stealth) [demonic ancestry]
  1001 | D:2      | Reached XP level 4. HP: 21/30 MP: 0/8
  1143 | D:2      | Noticed Natasha
  1218 | D:2      | HP: 1/30 [Natasha/magic dart (3)]
  1219 | D:2      | Killed from afar by Natasha

Vault maps used:
D:1:      dpeg_arrival_rooms_b
D:2:      uniq_natasha
D:3:      first_bread

Skill      XL: |  1  2  3  4 |
---------------+-------------+-----
Fire Magic     | 3 |  3.4
Conjurations   | 2 |  2.4
Spellcasting   | 3 |  3.0
Dodging        | |  1.7
Stealth        | |  1.7

Action                   |  1- 3 |  4- 6 || total
-------------------------+-------+-------++-------
Melee: Unarmed           |    13 |    32 ||    45
 Cast: Flame Tongue      |    47 |    23 ||    70
  Eat: Chunk             |     1 |       ||     1
Armor: Robe              |    13 |    11 ||    24
Dodge: Dodged            |    42 |    24 ||    66

Table legend:
 A = Spawn XP
 B = Non-spawn XP
 C = Spawn XP percentage of total XP
 D = Spawn monster count
 E = Non-spawn monster count
 F = Spawn count percentage of total count
 G = Total turns spent on level
                    A         B        C        D         E        F      G
               +---------+---------+-------+---------+---------+-------+---------
         Total |       0 |     122 |   0.0 |       0 |      35 |   0.0 |  1219
               +---------+---------+-------+---------+---------+-------+---------
           D:1 |       0 |      24 |   0.0 |       0 |      16 |   0.0 |   666
           D:2 |       0 |      79 |   0.0 |       0 |      14 |   0.0 |   389
           D:3 |       0 |      19 |   0.0 |       0 |       5 |   0.0 |   164
               +---------+---------+-------+---------+---------+-------+---------
